[Event "GER-ch Youth-U16 2022"]
[Site "Willingen"]
[Date "2022.06.05"]
[Round "2.16"]
[White "Rempe, Jonas"]
[Black "Weidenhoefer, Max"]
[Result "1-0"]
[ECO "B12"]
[WhiteElo "1856"]
[BlackElo "1945"]
[Annotator "TA"]
[PlyCount "79"]
[EventDate "2022.06.05"]
[EventType "swiss"]
[EventRounds "9"]
[EventCountry "GER"]
[SourceTitle "playchess.com"]
[Source "ChessBase"]
[SourceQuality "1"]
[TimeControl "40/4500+30:900+30"]

1. e4 c6 2. d4 d5 3. f3 e6 4. Nc3 Nf6 5. Bg5 Be7 6. Qd2 O-O 7. O-O-O b5 {[%emt 0:07:05] [#] B12: Caro-Kann: Advance Variation.} 8. Bd3 $146 ({Predecessor:} 8. e5 Nfd7 9. f4 a5 10. Bd3 Nb6 11. Kb1 a4 12. Nf3 b4 13. Ne2 Nc4 14. Qe1 Bxg5 15. Nxg5 {1-0 (30) Vucinic,G (1920)-Milosevic,R (2150) Obrenovac 2008}) 8... Re8 9. h4 $1 b4 {[%emt 0:03:20] The position is equal.} 10. Nce2 a5 11. g4 ({Better is} 11. e5 $11 Nfd7 12. Qf4) 11... Ba6 ({Black should try} 11... dxe4 $15 12. fxe4 Nxg4) 12. e5 Nfd7 13. Bxe7 Rxe7 (13... Qxe7 $17 14. Bxa6 Nxa6) 14. f4 c5 {[%emt 0:03:01] Black wants to play ...c4.} 15. f5 (15. Bxa6 $11 Rxa6 16. Nf3) 15... c4 (15... b3 $15 16. axb3 Bxd3 17. Qxd3 a4) 16. f6 $1 $11 Re8 {[%emt 0:01:30] [#]} (16... gxf6 $2 17. exf6 cxd3 18. Qg5+ (18. fxe7 Qxe7 19. cxd3 Nc6 $16) 18... Kf8 19. fxe7+ Qxe7 20. cxd3 $18) (16... Nxf6 $1 $11 17. exf6 gxf6) 17. Bxh7+ $1 Kxh7 18. g5 {[%emt 0:00:02][%cal Og5g6] aiming for g6+!} Rh8 $2 (18... c3 $11 {and Black stays safe.} 19. bxc3 Kg8) 19. Nf4 $18 gxf6 $2 (19... Kg8) 20. gxf6 Nxf6 21. exf6 Qxf6 22. Nf3 Rg8 (22... c3 23. bxc3 bxc3) 23. Ng5+ Kh8 24. c3 bxc3 25. bxc3 Ra7 26. Rdf1 {[%emt 0:01:18][%cal Oh4h5] Black must now prevent h5!} Rb7 {[%emt 0:01:19] [#]} 27. Qe2 (27. h5 $142 $1 {[%cal Of4g6] Intending Ng6+! and mate.} Rxg5 28. Ng6+ $1 Kg7 29. h6+ Kxg6 30. Rxf6+ Kxf6 31. Qf4+ Ke7 32. Qxg5+ f6 33. Qg7+ Kd6 34. Qf8+ Kc7 35. Qc5+ Nc6 36. Rg1) 27... Qh6 {[%emt 0:01:52] Prevents Ng6+.} 28. Qe5+ Qg7 29. Qe2 $40 {[%emt 0:00:17][%mdl 128] White mounts an attack.} Qh6 {[%emt 0:00:26] [#]} 30. Qe5+ $2 {[%emt 0:00:02] The board is on fire.} (30. Nfxe6 $1 {[%mdl 512] Qe5+ would kill now.} Nc6 {[#]} 31. Qd2 $1) 30... Qg7 31. Qxg7+ ({Not} 31. Qe2 Qh6 $18) 31... Kxg7 32. Nh5+ Kg6 (32... Kf8 $142 33. Nxe6+ Ke7) 33. Nf6 {[%emt 0:00:06] White wants to mate with Rhg1.} Rf8 34. Rhg1 {[%emt 0:00:20] White mates.} Kh6 35. Ng4+ {[%emt 0:00:20] Pair of Knights!} Kh5 36. Rf6 Rh8 37. Nxf7 Rh7 38. Nge5 Nd7 39. Rg5+ Kxh4 40. Rf1 {[%emt 0:00:05] Weighted Error Value: White=0.50/Black=0.65} 1-0

[Event "GER-ch Youth-U16 2022"]
[Site "Willingen"]
[Date "2022.06.06"]
[Round "3.1"]
[White "Lerchl, Clemens"]
[Black "Lutsko, Artem"]
[Result "0-1"]
[ECO "B92"]
[WhiteElo "1843"]
[BlackElo "2392"]
[Annotator "TA"]
[PlyCount "50"]
[EventDate "2022.06.05"]
[EventType "swiss"]
[EventRounds "9"]
[EventCountry "GER"]
[SourceTitle "playchess.com"]
[Source "ChessBase"]
[SourceQuality "1"]
[TimeControl "40/4500+30:900+30"]

1. e4 c5 2. Nf3 d6 3. d4 cxd4 4. Nxd4 Nf6 5. Nc3 a6 6. Be2 e5 7. Nb3 Be7 8. O-O O-O 9. Kh1 Nc6 {[%emt 0:00:00] B92: Sicilian Najdorf: 6 Be2.} 10. Be3 Be6 11. f4 d5 {[%emt 0:00:00][%cal Bd6d5,Bd5d4,Bd4c3,Bc3b2][%mdl 32] The position is equal.} 12. f5 d4 13. fxe6 {[%emt 0:00:00] [#]} fxe6 $146 ({Predecessor:} 13... dxe3 14. exf7+ Kh8 15. Nd5 Nxe4 16. Nxe3 Nd4 17. c3 Nxb3 18. axb3 Bc5 19. Bd3 Nxc3 20. bxc3 Bxe3 {0-1 (34) Pourkashiyan,A (2322)-Todev,S (1956) Chess.com INT 2021}) 14. Bg5 dxc3 $17 15. Bxf6 cxb2 ({Much weaker is} 15... Rxf6 $6 16. bxc3 Qxd1 17. Rfxd1 $11 (17. Raxd1 Rxf1+ 18. Bxf1 Rd8 $11)) 16. Rb1 {[%emt 0:00:10] [#] Black must now prevent Qxd8.} Qxd1 {[%emt 0:15:23] Chess con chili.} 17. Bxd1 (17. Rfxd1 $17 gxf6 18. Rxb2) 17... Ba3 $19 ({Not} 17... Bxf6 18. Rxb2 Be7 19. Bf3 $17) 18. Bg4 $2 (18. Nd2 {is the only way for White.} Rxf6 19. Rxf6 gxf6 20. Nc4) 18... Rxf6 19. Rxf6 gxf6 20. Bxe6+ Kf8 21. Nd2 b5 {[%emt 0:14:21] Prevents Nc4. Black is clearly winning.} 22. Rd1 Nd4 23. Bd5 Rc8 24. c4 Bb4 {[%emt 0:00:23] And now ...Bxd2 would win.} 25. Bb7 {[%emt 0:09:31] [#]} Bxd2 $1 {White got outplayed after the opening.  Weighted Error Value: White=0.74/Black=0.00 (flawless)} 0-1

[Event "GER-ch Youth-U16 2022"]
[Site "Willingen"]
[Date "2022.06.06"]
[Round "3.2"]
[White "Petrovskyi, Vadym"]
[Black "Laux, Dominik"]
[Result "1/2-1/2"]
[ECO "B18"]
[WhiteElo "2330"]
[BlackElo "2263"]
[Annotator "TA"]
[PlyCount "43"]
[EventDate "2022.06.05"]
[EventType "swiss"]
[EventRounds "9"]
[EventCountry "GER"]
[SourceTitle "playchess.com"]
[Source "ChessBase"]
[SourceQuality "1"]
[TimeControl "40/4500+30:900+30"]

1. e4 c6 2. d4 d5 3. Nc3 dxe4 4. Nxe4 Bf5 5. Ng3 Bg6 6. Nh3 Nf6 $1 {[%emt 0:00:00][%mdl 4] is more profitable than 6...e6 at the moment.} 7. Nf4 e5 {[%emt 0:00:00] The position is equal.} 8. dxe5 {[%emt 0:00:00] B18: Classical Caro-Kann: 4...Bf5 sidelines.} Qa5+ 9. c3 Qxe5+ 10. Be2 Bc5 11. O-O O-O 12. Nxg6 hxg6 {[%emt 0:00:00] [#]} 13. Qc2 $146 ({Predecessor:} 13. Bc4 Nbd7 14. Qf3 Qc7 15. Bb3 Rfe8 16. Bg5 Qe5 17. Bf4 Qe7 18. Qd3 Nf8 19. h3 {0-1 (67) Lugovskoy,M (2470)-Novik,M (2484) St Petersburg 2015}) 13... a5 14. Bd2 Nbd7 15. b4 Bb6 16. Rae1 Qd6 17. a3 axb4 18. axb4 Ne5 19. c4 Bd4 20. Rd1 {[%emt 0:01:41] [#] Hoping for Bc3.} c5 21. Be3 {[%emt 0:04:30] Threatens to win with bxc5.} Rfd8 22. Ne4 {[%emt 0:10:31] An interesting draw.  Weighted Error Value: White=0.03 (flawless) /Black=0.05 (flawless)} 1/2-1/2

[Event "GER-ch Youth-U16 2022"]
[Site "Willingen"]
[Date "2022.06.06"]
[Round "3.3"]
[White "Sidletskyi, Ivan"]
[Black "Mimkes, Antal"]
[Result "1/2-1/2"]
[ECO "C55"]
[WhiteElo "2084"]
[BlackElo "1696"]
[Annotator "TA"]
[PlyCount "63"]
[EventDate "2022.06.05"]
[EventType "swiss"]
[EventRounds "9"]
[EventCountry "GER"]
[SourceTitle "playchess.com"]
[Source "ChessBase"]
[SourceQuality "1"]
[TimeControl "40/4500+30:900+30"]

1. e4 e5 2. Nf3 Nc6 3. Bc4 Nf6 4. d3 d5 5. exd5 Nxd5 6. O-O Bc5 7. Re1 O-O 8. Nxe5 (8. c3 {seems wilder.} Bb6 9. Nbd2 Nf6 10. b4) 8... Nxe5 {[%emt 0:00:00] C24: Bishop's Opening: 2...Nf6.} 9. Rxe5 Bxf2+ {[%emt 0:00:00][%mdl 64] [#] Decoy} 10. Kxf2 Qh4+ $1 {[%emt 0:00:00] White is slightly better.} 11. Kf1 Qf6+ 12. Qf3 Qxe5 13. Bxd5 c6 14. Bb3 {[%emt 0:06:23] Black must now prevent Qg3.} Qxh2 15. Be3 a5 {[%emt 0:00:00] [#]} 16. Nc3 $146 (16. a4 $14) ({Predecessor:} 16. Bg1 Qh4 17. a4 Be6 18. Nd2 Rae8 19. Qf2 Qg4 20. Qd4 Qh5 21. Qc5 Bd5 22. Qf2 Bxb3 23. Nxb3 {½-½ (37) Carr,T (2086)-Cook,D (2216) ICCF email 2014}) 16... a4 17. Nxa4 (17. Bxa4 $11 Ra5 18. g4) 17... Ra5 $2 (17... Qh1+ 18. Bg1 Ra5) (17... Qh1+ $17 18. Bg1 Ra5) 18. g4 $14 {[%emt 0:02:35] [#] Threatens to win with Bc5.} h5 19. Qg2 Qe5 (19... Qxg2+ $14 20. Kxg2 Re8) 20. Re1 (20. Bd2 $18 {is the precise move to win.}) 20... Bxg4 $16 21. Bc5 Qf4+ (21... Qg5 $5 22. Bxf8 Kxf8 $11) 22. Qf2 {[%emt 0:03:21] Really sharp!} Rxa4 ({Don't take} 22... Bh3+ 23. Kg1 Qxf2+ 24. Kxf2 $16) (22... Qg5 {with more complications.} 23. Kg1 Be6+ 24. Kh1 Re8) 23. Bxa4 Qxa4 24. Bxf8 Kxf8 $11 {[%emt 0:00:09][%mdl 4096] Endgame KQR-KQB} 25. Qe3 (25. Qc5+ $14 Kg8 26. Re8+ Kh7 27. Qc4 Bh3+ 28. Ke2 Bg4+ 29. Kf1 Bh3+ 30. Ke2) 25... Be6 $1 ({Don't play} 25... Kg8 26. Qe8+ Kh7 27. Qe4+ Qxe4 28. Rxe4 $16) 26. c4 Qa5 {[%emt 0:04:56] Inhibits Qc5+.} (26... Kg8 $11) 27. Qe5 ({White should play} 27. Qf4 $1 $14 Kg8 28. Qb8+ Kh7 29. Qe5 (29. Qxb7 $2 Qf5+ 30. Ke2 Qf4 $19) 29... Qxe5 30. Rxe5) 27... Qd2 {[%emt 0:04:27] ( -> ...Bh3+). The position is equal.} 28. Qb8+ Ke7 29. Qc7+ Ke8 30. Qb8+ Ke7 31. Qc7+ Ke8 32. Qb8+ {[%emt 0:00:40] Weighted Error Value: White=0.32/Black=0.25 (precise)} 1/2-1/2

[Event "GER-ch Youth-U16 2022"]
[Site "Willingen"]
[Date "2022.06.06"]
[Round "3.4"]
[White "Hommer, Jeremy"]
[Black "Farokhi, Keyvan"]
[Result "0-1"]
[ECO "B29"]
[WhiteElo "2152"]
[BlackElo "2360"]
[Annotator "TA"]
[PlyCount "112"]
[EventDate "2022.06.05"]
[EventType "swiss"]
[EventRounds "9"]
[EventCountry "GER"]
[SourceTitle "playchess.com"]
[Source "ChessBase"]
[SourceQuality "1"]
[TimeControl "40/4500+30:900+30"]

1. e4 c5 2. Nf3 Nf6 3. e5 Nd5 4. Nc3 e6 5. g3 Nxc3 6. bxc3 {[%emt 0:03:56] B29: Sicilian: 2 Nf3 Nf6 (Nimzowitsch Variation).} Nc6 7. d3 d6 8. exd6 {[%emt 0:01:13] The position is equal.} Bxd6 9. Bg2 O-O 10. O-O Qc7 {[%emt 0:05:40] [#]} 11. c4 $146 ({Predecessor:} 11. Ng5 h6 12. Ne4 Be7 13. Bf4 e5 14. Be3 b6 15. f4 Bb7 16. f5 f6 17. Qh5 {1-0 (32) Schulz,J-Haida,A Brno 1929}) 11... b6 12. Bb2 Bb7 13. Qd2 Ne5 14. Nxe5 (14. Bxe5 {looks sharper.} Bxe5 15. Nxe5 Bxg2 16. Kxg2 Qxe5 17. a4) 14... Bxg2 15. Kxg2 Bxe5 16. Bxe5 Qxe5 17. a4 Rad8 (17... Qc7 $11) 18. Qe1 (18. Rfe1 $14 Qd4 19. Red1) 18... Qf5 19. a5 h5 20. h4 Rd4 21. Qe3 e5 22. axb6 axb6 23. f3 {[%emt 0:00:15] Inhibits e4.} Re8 24. Rfe1 (24. Rfb1 $5 ) 24... Re6 25. Qg5 (25. Ra8+ {seems wilder.} Kh7 26. Rb8 Qg6 27. Ra1) 25... Qxg5 26. hxg5 $14 {[%emt 0:00:05][%mdl 4096] Endgame KRR-KRR} Kh7 $1 27. Ra7 Kg6 28. Rb7 h4 29. Ra1 ({Better is} 29. Rb1 $14) 29... hxg3 $11 30. Kxg3 Rf4 31. Raa7 Rf5 $1 32. Ra6 Rxg5+ 33. Kf2 f6 34. Raxb6 Rxb6 35. Rxb6 {[%emt 0:00:05] KR-KR} Kf5 36. Rc6 Kf4 {[%emt 0:00:48] ...Rh5 is the strong threat.} 37. Rxc5 Rh5 {[%emt 0:09:11] Threatens to win with ...Rh2+.} 38. Kg2 {[%emt 0:02:52] Against Rh2+} Ke3 39. f4 Kxf4 40. Rc7 g5 41. c5 f5 {[%emt 0:00:00] aiming for ...g4.} 42. Rd7 $2 (42. c6 $15) 42... g4 $1 $19 {[%emt 0:05:14] ( -> ...g3)} 43. c6 $2 (43. Rb7 $19 g3 44. Rb4+ e4 45. dxe4) 43... g3 44. c4 Rh2+ 45. Kg1 {[%emt 0:00:00] [#]} Kf3 $1 46. Ra7 Rh6 47. d4 exd4 48. Ra3+ Kg4 49. Rd3 Rxc6 50. Rxd4+ f4 51. Kg2 Ra6 52. c5 Ra2+ 53. Kg1 Kh3 54. Rxf4 Ra1+ ({And not} 54... Rc2 55. Rf1 $15) 55. Rf1 {[%emt 0:00:03] [#]} Rxf1+ $1 56. Kxf1 {[%emt 0:00:02] Hoping for Kg1.} Kh2 {[%emt 0:00:08] Weighted Error Value: White=0.22 (precise) /Black=0.04 (flawless)} 0-1

[Event "GER-ch Youth-U16 2022"]
[Site "Willingen"]
[Date "2022.06.06"]
[Round "3.5"]
[White "Bui, Bao Anh Le"]
[Black "Ohler, Julius"]
[Result "0-1"]
[ECO "B15"]
[WhiteElo "2127"]
[BlackElo "2011"]
[Annotator "TA"]
[PlyCount "70"]
[EventDate "2022.06.05"]
[EventType "swiss"]
[EventRounds "9"]
[EventCountry "GER"]
[SourceTitle "playchess.com"]
[Source "ChessBase"]
[SourceQuality "1"]
[TimeControl "40/4500+30:900+30"]

1. e4 c6 2. d4 d5 3. Nc3 dxe4 4. Nxe4 Nf6 5. Nxf6+ exf6 6. Be3 Bd6 {[%emt 0:00:00] B15: Caro-Kann: 3 Nc3: 3...g6 and 3...dxe4 4 Nxe4 Nf6 5 Nxf6+ exf6.} 7. Bd3 O-O 8. Ne2 Re8 {[%emt 0:00:00] The position is equal.} 9. O-O Bg4 10. c4 f5 11. h3 {[%emt 0:30:53] [#]} Qh4 $146 ({Better is} 11... Bxe2 $11 12. Bxe2 (12. Qxe2 f4 $17) 12... Bc7) ({Predecessor:} 11... f4 12. hxg4 fxe3 13. f4 Nd7 14. g5 c5 15. d5 Nf8 16. Rf3 f6 17. gxf6 Qxf6 {0-1 (42) Hofmann,A (1972)-Lieder,K (2090) Halle/Saale 2006}) 12. Qc2 $2 {[%emt 0:03:03] [#]} (12. Qb3 $14 {stays ahead.} Bxe2 13. Bxe2) 12... Na6 $1 $17 {[%emt 0:04:29] White must now prevent ...Nb4.} 13. a3 {[%emt 0:06:56] [#] Prevents Nb4.} (13. Qb3 $17 {was necessary.} Nb4 14. Bxf5 Bxf5 15. c5) (13. Nf4 g5) 13... Bxh3 $1 $19 14. gxh3 f4 $2 (14... Qxh3 $17 15. Nf4 Qh4 16. Bxf5 g6) 15. Bxh7+ $11 Kh8 $1 16. Nxf4 Bxf4 $40 {[%emt 0:00:30][%mdl 128] White needs to defend precisely.} 17. Bxf4 Qxf4 18. Bf5 g6 19. Bd3 (19. Bg4 $1 $11) 19... Qg5+ 20. Kh2 Qf4+ (20... Rad8 $15) 21. Kg2 (21. Kg1 $11) 21... Qxd4 $15 22. Rad1 Qf6 {[%emt 0:00:17] Black is more active.} 23. f4 Re3 {[%emt 0:04:44] aiming for ...Qh4.} 24. Rf3 {[%emt 0:02:06] [#]} Rae8 (24... Rxf3 $1 $17 25. Kxf3 Nc5) 25. Qf2 (25. Rxe3 $11 Rxe3 26. Qf2) 25... Rxf3 $17 26. Kxf3 Nc7 27. Kg3 (27. Kg2 $142) 27... Ne6 28. Rd2 Ng7 29. Kg2 Nh5 30. f5 {[%emt 0:00:35] [#]} g5 31. Bb1 Nf4+ 32. Kh2 Qe5 {[%emt 0:02:04] ...Kg7 is the strong threat.} ({Stronger than} 32... Qh6 33. Qg3 $19) 33. Qg3 (33. h4 {is a better defense.} Kg7 34. Qd4 Qxd4 35. Rxd4) 33... f6 $19 34. Bd3 $2 (34. Qc3 Qxc3 35. bxc3) 34... Rd8 35. h4 Rxd3 {[%emt 0:00:16] Weighted Error Value: White=0.63/Black=0.20 (precise)} 0-1

[Event "GER-ch Youth-U16 2022"]
[Site "Willingen"]
[Date "2022.06.06"]
[Round "3.6"]
[White "Gluma, Christian"]
[Black "Bakiev, Diyor"]
[Result "0-1"]
[ECO "B12"]
[WhiteElo "2012"]
[BlackElo "2157"]
[Annotator "TA"]
[PlyCount "72"]
[EventDate "2022.06.05"]
[EventType "swiss"]
[EventRounds "9"]
[EventCountry "GER"]
[SourceTitle "playchess.com"]
[Source "ChessBase"]
[SourceQuality "1"]
[TimeControl "40/4500+30:900+30"]

1. e4 c6 2. d4 d5 3. e5 Bf5 4. h4 h5 5. Bd3 Bxd3 6. Qxd3 {[%emt 0:00:00][%cal Oe5e6] B12: Caro-Kann: Advance Variation.} Qa5+ 7. Nd2 {[%emt 0:00:00][%cal Oe5e6] Threatens to win with e6!} e6 8. Ngf3 {[%emt 0:00:00] The position is equal.} Nh6 9. O-O Nf5 10. c4 {[%emt 0:00:00] 10.Nb3 is the fancy move.} Be7 11. g3 O-O 12. b3 Rd8 13. Bb2 c5 14. cxd5 Rxd5 15. Nc4 Qd8 16. Ne3 Nxe3 17. fxe3 cxd4 18. exd4 Nc6 19. Qe4 {[%emt 0:07:48] [#]} a5 $146 ({Predecessor:} 19... Rc8 20. Rf2 Ra5 21. Nd2 Qd5 22. Qf4 Rf8 23. Nc4 Ra6 24. Ne3 Qb5 25. g4 Nb4 {½-½ (56) Martinez Alcantara,J (2520)-Svane,R (2587) Chess.com INT 2018}) 20. Kg2 (20. Rf2 $11) 20... a4 $15 21. b4 Nxb4 22. Bc1 Nc6 23. Bg5 Qd7 24. Be3 ({Don't go for} 24. Bxe7 $2 Nxe7 25. Rac1 (25. Ng5 Nf5 $17) 25... Nf5 $17) (24. Rad1 $17) 24... Rc8 (24... Bd8 $19 25. Rab1 Ne7) 25. Rf2 {[%emt 0:02:15] [#]} ({Better is} 25. g4) 25... Bd8 $1 $17 26. Raf1 {[%emt 0:03:25] [#]} (26. Rc1 $17) 26... Ne7 $1 $19 27. Bc1 Nf5 28. Bb2 Be7 29. a3 $2 (29. Kh3) 29... Rb5 {[%emt 0:00:59] Black is clearly winning.} 30. Kh2 Qd5 31. Qf4 (31. Qxd5 $142 Rxd5 32. Re2) 31... Rb3 32. g4 hxg4 33. Qxg4 Ne3 34. Qg1 Nxf1+ 35. Qxf1 Qe4 36. Qh3 Rc2 {[%emt 0:00:43] Weighted Error Value: White=0.85/Black=0.23 (precise)} 0-1

[Event "GER-ch Youth-U16 2022"]
[Site "Willingen"]
[Date "2022.06.06"]
[Round "3.7"]
[White "Trushko, Andrii"]
[Black "Heinrich, John"]
[Result "1-0"]
[ECO "A45"]
[WhiteElo "1897"]
[BlackElo "2011"]
[Annotator "TA"]
[PlyCount "87"]
[EventDate "2022.06.05"]
[EventType "swiss"]
[EventRounds "9"]
[EventCountry "GER"]
[SourceTitle "playchess.com"]
[Source "ChessBase"]
[SourceQuality "1"]
[TimeControl "40/4500+30:900+30"]

1. d4 Nf6 2. Bg5 d5 3. e3 c5 4. Bxf6 exf6 5. c3 Nc6 6. Nd2 {[%emt 0:00:00] D00: 1 d4 d5: Unusual lines.} cxd4 7. cxd4 {[%emt 0:00:00] [#]} Bf5 $146 ({Predecessor:} 7... Bd6 8. g3 O-O 9. Bg2 Re8 10. Ne2 Bg4 11. Bf3 Bh3 12. a3 Qd7 13. Qb3 Ne7 {0-1 (37) Garcia Guerrero,I (2368)-Diamant,A (2542) Chess.com INT 2021}) 8. Ngf3 {[%emt 0:00:00] The position is equal.} Qb6 9. Qb3 Nb4 10. Rc1 {[%emt 0:00:00] Prevents Nc2+.} a5 $1 11. a4 $1 Bd6 12. Bb5+ Ke7 13. Nh4 Be6 14. O-O Rhc8 (14... g5 $5 15. Nhf3 Rhc8 $11) 15. Nb1 Rxc1 16. Rxc1 Qd8 17. Nc3 Kf8 18. g3 Rc8 19. Be2 Bb8 20. Qd1 g5 21. Ng2 Kg7 22. Ne1 h5 23. Nd3 Nxd3 24. Qxd3 (24. Bxd3 $5 h4 25. Qh5 $11) 24... Qb6 25. Rc2 Qb3 (25... Qd8 $11 {keeps the balance.}) 26. Bd1 (26. Bxh5 $16 Bd6 27. Bd1) 26... h4 $11 27. f4 {[%emt 0:00:44] Strongly threatening gxh4.} hxg3 ({Black should try} 27... Rh8 $11) 28. hxg3 $14 {[%emt 0:00:06][%cal Bh2g3,Bg3g4,Bg4f5][%mdl 32] Rh2 is the strong threat.} Rh8 (28... Qc4 $14 29. Qxc4 Rxc4) 29. Rh2 $16 Qb4 30. Rxh8 {[%emt 0:00:28] The board is on fire. White is more active.} Kxh8 31. Bc2 f5 32. g4 $40 {[%emt 0:00:25][%mdl 128] White attacks with force.} f6 33. gxf5 Bf7 34. fxg5 {[%emt 0:09:19] aiming for Qf1.} Qd6 {[%emt 0:00:39] [#] ( -> ...Qh2+)} 35. Qe2 {[%emt 0:00:06] Against Qh2+} Qg3+ 36. Kf1 Qxg5 (36... fxg5 $142 37. Bd1 Qh3+ 38. Ke1 g4) 37. Qf3 Bh5 (37... Qh4 $16 {might work better.} 38. Nxd5 Bg3) 38. Qh3 $18 ({Stronger than} 38. Qxd5 Qxe3 39. Qd8+ Kh7 40. Qxb8 Qh3+ 41. Kf2 (41. Kg1 Qe3+ 42. Kg2 Qf3+ 43. Kh2 Qf2+ 44. Kh3 Qf3+ 45. Qg3 Qh1+ 46. Qh2 Qf3+ 47. Qg3 Qh1+ 48. Qh2 Qf3+ 49. Qg3 $11) 41... Qf3+ 42. Kg1 Qe3+ 43. Kg2 (43. Kf1 Qh3+ 44. Kg1 Qe3+ 45. Kg2 Qf3+ 46. Kh2 Qf2+ 47. Kh3 Qf3+ 48. Qg3 Qh1+ 49. Qh2 Qf3+ 50. Qg3 Qh1+ 51. Qh2 Qf3+ 52. Qg3 $11) 43... Qf3+ 44. Kh2 (44. Kg1 Qe3+ 45. Kg2 Qf3+ 46. Kh2 Qf2+ 47. Kh3 Qf3+ 48. Qg3 Qh1+ 49. Qh2 Qf3+ 50. Qg3 Qh1+ 51. Qh2 Qf3+ 52. Qg3 $11) 44... Qf2+ 45. Kh3 Qf3+ 46. Qg3 Qh1+ 47. Qh2 Qf3+ 48. Qg3 Qh1+ 49. Qh2 Qf3+ 50. Qg3 $11) 38... Kg7 39. Bd1 Bxd1 (39... Bf7 {was worth a try.} 40. Kf2 Bg8) 40. Nxd1 Bg3 41. Kg2 Bh4+ {[%emt 0:00:00] [#]} 42. Kf3 $1 {[%emt 0:00:00] And now Nc3 would win.} Kf8 $2 (42... Be1 43. Qg4 Qxg4+ 44. Kxg4 Kf7) 43. Nc3 Be1 $2 (43... Qh5+ 44. Qg4 Qh6) 44. Nxd5 {[%emt 0:00:00] Weighted Error Value: White=0.11 (very precise) /Black=0.22 (precise)} ({Weaker is} 44. Qh8+ Kf7 45. Qh7+ (45. Nxd5 Qg3+ 46. Ke2 Qf2+ 47. Kd3 Qf1+ 48. Ke4 Qg2+ 49. Kd3 Qxd5 $17) 45... Kf8 $16) 1-0

[Event "GER-ch Youth-U16 2022"]
[Site "Willingen"]
[Date "2022.06.06"]
[Round "3.8"]
[White "Bungarten, Jona"]
[Black "Foerster-Yialamas, Lucas"]
[Result "0-1"]
[ECO "B21"]
[WhiteElo "1843"]
[BlackElo "2117"]
[Annotator "TA"]
[PlyCount "75"]
[EventDate "2022.06.05"]
[EventType "swiss"]
[EventRounds "9"]
[EventCountry "GER"]
[SourceTitle "playchess.com"]
[Source "ChessBase"]
[SourceQuality "1"]
[TimeControl "40/4500+30:900+30"]

1. e4 c5 2. d4 cxd4 3. c3 dxc3 4. Nxc3 Nc6 5. Nf3 d6 6. Bc4 a6 7. O-O Nf6 8. Qe2 Bg4 9. Rd1 e6 10. Bf4 {[%emt 0:03:00] [#] Against Ne5. B21: Sicilian: 2 f4 and Morra Gambit.} ({Better is} 10. h3 $15 Bxf3 11. Qxf3) 10... Nh5 $1 $17 11. Qe3 Nxf4 12. Qxf4 {[%emt 0:00:05] Black is better.} Bxf3 13. Qxf3 {[%emt 0:00:16] [#]} Be7 $146 ({Predecessor:} 13... Ne5 14. Qe2 Nxc4 15. Qxc4 Be7 16. e5 d5 17. Qg4 O-O 18. Rd3 Rc8 19. Rg3 g6 {0-1 (39) Solnicki,M (1474)-Paliszewski,D (1536) Solina 2012}) 14. Qg3 O-O 15. Rd2 Qa5 16. Rad1 Rac8 17. Bb3 Rfd8 18. Qe3 h6 19. Kh1 Ne5 20. Qe2 b5 21. Rd4 Ng6 (21... Nd7 $19 22. Qd2 Qb6) 22. g3 Rc6 23. Qh5 (23. f4 $17) 23... Bf6 $19 24. R4d3 (24. Bxe6 $142 Bxd4 25. Qxg6) 24... Bxc3 25. bxc3 Ne5 ({Not} 25... Rxc3 26. Rxd6 Rxd6 27. Rxd6 Rc1+ 28. Rd1 $17) 26. Rd4 Qxc3 27. f4 {[%emt 0:02:43] [#]} Nd7 (27... Nc4 $1 $19 {and Black stays clearly on top. Hoping for ...Ne3.} 28. R4d3 Qb4) 28. e5 $2 {[%emt 0:07:55] White does not recover from this.} (28. Rxd6 $17 {is the only way for White.} Rxd6 29. Rxd6) 28... d5 29. f5 Nf8 ({Don't go for} 29... Nxe5 $2 30. fxe6 Rxe6 31. Bxd5 $19) 30. f6 $2 (30. fxe6 fxe6 31. R4d3) 30... Ng6 31. Qe2 gxf6 32. exf6 Kh7 33. Kg2 Rg8 34. R1d2 $2 (34. Kh3 {was necessary.}) 34... e5 35. Rg4 {[%emt 0:01:25] [#] And now Rc2 would win.} Nf4+ $1 {[%emt 0:01:07][%mdl 512] Black is clearly winning.} 36. Rxf4 exf4 37. Bc2+ Kh8 {[%emt 0:00:02] ( -> ...f3+)} 38. Rxd5 {[%emt 0:00:11] Weighted Error Value: White=0.47/Black=0.16 (very precise)} 0-1

[Event "GER-ch Youth-U16 2022"]
[Site "Willingen"]
[Date "2022.06.06"]
[Round "3.9"]
[White "Rempe, Jonas"]
[Black "Jaskulski, Jan"]
[Result "0-1"]
[ECO "B89"]
[WhiteElo "1856"]
[BlackElo "1727"]
[Annotator "NA RC COMBH"]
[PlyCount "90"]
[EventDate "2022.06.05"]
[EventType "swiss"]
[EventRounds "9"]
[EventCountry "GER"]
[SourceTitle "playchess.com"]
[Source "ChessBase"]
[SourceQuality "1"]
[TimeControl "40/4500+30:900+30"]

1. e4 c5 2. Nf3 d6 3. d4 cxd4 4. Nxd4 Nf6 5. Nc3 Nc6 6. Bc4 e6 7. Be3 Be7 8. Qe2 a6 9. Bb3 Qc7 10. O-O-O O-O 11. Kb1 Nxd4 12. Bxd4 b5 13. g4 Nd7 14. a3 Rb8 15. f4 Nc5 16. e5 Nxb3 17. exd6 Bxd6 18. cxb3 Bxf4 19. Rhf1 Bb7 20. Ne4 Bxe4+ 21. Qxe4 e5 22. Bc3 Rbd8 23. Rde1 f6 24. Re2 Rd7 25. Rc2 Qb6 26. Bb4 Rfd8 27. Bc5 Qb7 28. Re1 Rd1+ 29. Ka2 Qxe4 30. Rxe4 R8d2 31. Re2 Rxe2 32. Rxe2 Rd2 33. Rxd2 Bxd2 34. Kb1 Kf7 35. Kc2 Bf4 36. h3 Ke6 37. a4 Kd5 38. Bf8 g6 39. axb5 axb5 40. Kc3 e4 41. Be7 f5 42. gxf5 gxf5 43. Bh4 Bd6 44. b4 f4 45. b3 f3 0-1